 Dungeon Crawl Stone Soup version 0.31-a0-40-g1d5085d191 (webtiles) character file.

Game seed: 5739008361262320793

605225 Drazool the Sorcerer (level 27, -35/228 HPs)
             Began as a Djinni Conjurer on July 16, 2022.
             Was the Champion of Ashenzari.
             Killed from afar by a storm dragon (41 damage)
             ... with a bolt of lightning
             ... on level 5 of the Realm of Zot on May 17, 2023.
             The game lasted 05:10:34 (53142 turns).

Drazool the Sorcerer (Djinni Conjurer)             Turns: 53142, Time: 05:10:34

Health: -35/228    AC: 23    Str: 14    XL:     27
Gold:   7095       EV: 18    Int: 31    God:    Ashenzari [******] SH: 17 Dex: 16

rFire   + + .        b - +10 scimitar of Ashenzari's Anxiety {speed, Int+4, Melee, Evo} (curse)
rCold   . . .        O - +0 kite shield of Panopticon {Evo, Cun} (curse)
rNeg    + . .        d - +0 chain mail of the Cryptic Comet {Regen+ Dex+5, Fort, Self} (curse)
rPois   ∞            o - +1 helmet "Lashed Portent" {Cun, Self} (curse)
rElec   .            g - +2 cloak "Share My Absolutism" {Cun, Self} (curse)
rCorr   .            p - +1 pair of gloves of Curses and Power {Cun, Evo} (curse)
SInv    +            (boots unavailable)
Will    ++...        Z - amulet "Mantic Embarrassment" {Regen+, Cun, Self} (curse)
Stlth   +++          C - ring "Tethered Pessimism" {rC+, Fort, Melee} (curse)
HPRegen 2.18/turn    A - ring of the Sublime Stickiness {Wiz rN+, Fort, Melee} (curse)
MPRegen 0.00/turn

%: clarity, wizardry (x1), infuse magic (-36 HP)
@: marked, flying, studying 2 skills
A: sickness immunity, fire resistance 2, cold vulnerability 1, float, innate
caster, HP casting, extra vitality 1, clumsy 1, deformed body, screaming 1,
strong 1, subdued magic 1
}: 3/15 runes: serpentine, barnacled, silver
a: Renounce Religion, Shatter the Chains


You were on level 5 of the Realm of Zot.
You worshipped Ashenzari.
Ashenzari was exalted by your worship.
You visited 10 branches of the dungeon, and saw 49 of its levels.
You visited 1 bazaar.
You also visited: Sewer and Wizlab.

You collected 9231 gold pieces.
You spent 2136 gold pieces at shops.


Innate Abilities, Weirdness & Mutations

You are immune to sickness and miasma.
You are immune to poison.
Your flesh is very heat resistant. (rF++)
You are vulnerable to cold. (rC-)
You float through the air rather than walking.
You learn spells naturally, not from books.
Your magical power is your life essence.
You have superior vitality. (+4 MHP)
You are clumsy. (Dex -2)
Armour fits poorly on your strangely shaped body.
You occasionally shout uncontrollably at your foes.
Your muscles are strong. (Str +4, Int/Dex -1)
Your spells are a little easier to cast, but a little less powerful.


   Skills:
 - Level 21.7(27) Fighting
 - Level 10.3(15.8) Short Blades
 - Level 8.0(14.2) Long Blades
 - Level 2.1 Throwing
 + Level 20.0(24.4) Armour
 - Level 17.5(24.0) Dodging
 - Level 8.1(14.5) Stealth
 + Level 19.0(23.5) Shields
 - Level 21.7(27) Spellcasting
 - Level 9.9(14.6) Evocations


You knew the following spells:

 Your Spells              Type           Power      Damage    Failure   Level
a - Fire Storm            Conj/Fire      51%        8d13      1%          9
b - Borgnjor's Vile Clut  Necr/Erth      51%        N/A       0%          5
c - Lehudib's Crystal Sp  Conj/Erth      51%        10d12     1%          8
d - Dazzling Flash        Conj/Hex       100%       N/A       0%          3
f - Fulminant Prism       Conj/Hex       51%        3d23      0%          4
h - Summon Horrible Thin  Summ           51%        N/A       1%          8
i - Swiftness             Air            100%       N/A       0%          3
l - Lesser Beckoning      Tloc           100%       N/A       0%          2
m - Magic Dart            Conj           100%       1d8       0%          1
n - Chain Lightning       Conj/Air       51%        3d68      1%          9
p - Petrify               Tmut/Erth      100%       N/A       0%          4
s - Searing Ray           Conj           100%       2d8       0%          2
t - Statue Form           Tmut/Erth      68%        N/A       0%          6
x - Foxfire               Conj/Fire      100%       2x1d9     0%          1
B - Blink                 Tloc           100%       N/A       0%          2
X - Iskenderun's Mystic   Conj/Tloc      100%       2d19      0%          4
Y - Enfeeble              Hex            51%        N/A       0%          7
Z - Monstrous Menagerie   Summ           51%        N/A       0%          7
Your spell library was empty.

Inventory:

Hand Weapons
 b - the cursed +10 scimitar of Ashenzari's Anxiety (weapon) {speed, Int+4, Melee, Evo}
   (You bought it in a shop in a bazaar)

   Int:       It affects your intelligence (+4).
   It has a curse which improves the following skills: Melee Combat: Short
   Blades, Long Blades, Axes, Maces & Flails, Polearms, Staves and Unarmed
   Combat.
   Evocations: Evocations.
 m - the +6 double sword of Siok {heavy, Str+4}
   (You acquired it on level 2 of the Depths)

   Str:       It affects your strength (+4).
 n - the +6 quick blade of Cowardice {drain, rF+ rC+ Int+5 Dex+4}
   (You acquired it on level 2 of the Depths)

   Int:       It affects your intelligence (+5).
   Dex:       It affects your dexterity (+4).
   rF:        It protects you from fire.
   rC:        It protects you from cold.
Missiles
 W - 8 throwing nets {=f}
Armour
 d - the cursed +0 chain mail of the Cryptic Comet (worn) {Regen+ Dex+5, Fort, Self}
   (You found it on level 6 of the Lair of Beasts)

   Dex:       It affects your dexterity (+5).
   Regen:     It increases your rate of health regeneration.
   It has a curse which improves the following skills: Fortitude: Armour and
   Shields.
   Introspection: Fighting and Spellcasting.
 g - the cursed +2 cloak "Share My Absolutism" (worn) {Cun, Self}
   (You found it on level 7 of the Dungeon)

   It has a curse which improves the following skills: Cunning: Dodging and
   Stealth.
   Introspection: Fighting and Spellcasting.
 o - the cursed +1 helmet "Lashed Portent" (worn) {Cun, Self}
   (You found it on level 8 of the Dungeon)

   It has a curse which improves the following skills: Cunning: Dodging and
   Stealth.
   Introspection: Fighting and Spellcasting.
 p - the cursed +1 pair of gloves of Curses and Power (worn) {Cun, Evo}
   (You found it on level 3 of the Dungeon)

   It has a curse which improves the following skills: Cunning: Dodging and
   Stealth.
   Evocations: Evocations.
 O - the cursed +0 kite shield of Panopticon (worn) {Evo, Cun}
   (You took it off a naga warrior on level 2 of the Snake Pit)

   It has a curse which improves the following skills: Evocations: Evocations.
   Cunning:   Dodging and Stealth.
Magical Staves
 w - a staff of cold {!a}
Jewellery
 s - a +6 ring of strength
 A - the cursed ring of the Sublime Stickiness (right hand) {Wiz rN+, Fort, Melee}
   (You found it on level 9 of the Dungeon)

   [ring of wizardry]

   It improves your spell success rate.
   rN:        It protects you from negative energy.
   It has a curse which improves the following skills: Fortitude: Armour and
   Shields.
   Melee Combat: Short Blades, Long Blades, Axes, Maces & Flails, Polearms,
   Staves and Unarmed Combat.
 C - the cursed ring "Tethered Pessimism" (left hand) {rC+, Fort, Melee}
   (You found it on level 3 of the Vaults)

   [ring of protection from cold]

   rC:        It protects you from cold.
   It has a curse which improves the following skills: Fortitude: Armour and
   Shields.
   Melee Combat: Short Blades, Long Blades, Axes, Maces & Flails, Polearms,
   Staves and Unarmed Combat.
 D - a +6 ring of dexterity
 E - a +4 ring of evasion
 Q - the ring "Ariagh" {rElec rC+ rCorr MP+9 Str-3}
   (You took it off a mummy priest on level 3 of the Crypt)

   [ring of protection from cold]

   Str:       It affects your strength (-3).
   rC:        It protects you from cold.
   rElec:     It insulates you from electricity.
   MP:        It affects your magic capacity (+9).
   rCorr:     It protects you from acid and corrosion.
 T - the ring "Toplazel" {Will++ AC+4 Stlth+}
   (You took it off a tengu reaver on level 5 of the Vaults)

   [ring of protection]

   AC:        It affects your AC (+4).
   Will:      It greatly increases your willpower.
   Stlth:     It makes you more stealthy.
 Z - the cursed amulet "Mantic Embarrassment" (around neck) {Regen+, Cun, Self}
   (You found it on level 9 of the Dungeon)

   [amulet of regeneration]

   Regen:     It increases your rate of health regeneration.
   It has a curse which improves the following skills: Cunning: Dodging and
   Stealth.
   Introspection: Fighting and Spellcasting.
Wands
 a - a wand of mindburst (9)
 k - a wand of quicksilver (50)
 r - a wand of roots (20)
 x - a wand of polymorph (19)
 z - a wand of digging (10)
 G - a wand of flame (60)
 N - a wand of paralysis (44)
Scrolls
 f - 12 scrolls of poison
 h - 19 scrolls of fear
 t - 2 scrolls of brand weapon
 v - 5 scrolls of fog
 y - 20 scrolls of teleportation {@r2}
 F - 2 scrolls of summoning
 R - 2 scrolls of enchant armour
 S - 15 scrolls of vulnerability
 U - 6 scrolls of enchant weapon
 V - 7 scrolls of magic mapping
 X - a scroll of acquirement
Potions
 c - 9 potions of brilliance
 i - 8 potions of ambrosia
 j - 2 potions of resistance
 l - 12 potions of lignification
 q - 12 potions of might
 H - 17 potions of curing {@q1}
 I - 7 potions of berserk rage {!q}
 J - 5 potions of invisibility
 K - 5 potions of haste {@q3}
Miscellaneous
 B - a condenser vane
 L - a box of beasts
 M - a phantom mirror
 P - a phial of floods
 Y - a lightning rod (4/4)

Dungeon Overview and Level Annotations

Branches:
Dungeon (15/15)            Temple (1/1) D:6            Lair (6/6) D:11
 Shoals (4/4) Lair:3        Snake (4/4) Lair:4        Slime (0/5) Lair:5
    Orc (2/2) D:11            Elf (0/3) Orc:2        Vaults (5/5) D:13
  Crypt (3/3) Vaults:2       Tomb (0/3) Crypt:3      Depths (4/4) D:15
    Zot (5/5) Depths:4      Sewer (visited)          WizLab (visited)

Altars:
Ashenzari
Cheibriados
Dithmenos
Elyvilon
Fedhas
Gozag
Hepliaklqana
Makhleb
Nemelex Xobeh
Okawaru
Qazlal
Ru
Trog
Uskayaw
Wu Jian
Xom
Yredelemnul
Zin
The Shining One
Jiyva
Lugonu

Shops:
D:5 *:[:   D:8 (   D:10 [*=!   Orc:2 *((=*   Shoals:4 [   Vaults:2 :
Vaults:3 [   Vaults:5 ![(:   Depths:3 ?[

Portals:
Hell: Depths:1 Depths:2 Depths:3 Depths:4
Abyss: Shoals:3 Depths:3 Depths:4
Pandemonium: Depths:2
Ziggurat: Depths:2

Annotations:
D:15 3 runed translucent doors, porpoise's ghost, journeyman HOMo
Lair:2 3 runed translucent doors, Gyitair's ghost, journeyman DDFi
Shoals:3 1 runed translucent door
Snake:1 3 runed translucent doors, buhh's ghost, adept MeTm
Crypt:1 1 runed translucent door, Houmnergh's ghost, master GnTm
Depths:1 2 transporters, Tuashofa's ghost, adept FeVM

██...{.▒▒███████████▒
▒▒.....?D........D^..▒▒▒
▒▒......L.........▒▒....▒▒
▒▒...L2p............▒▒▒...▒▒▒▒▒
▒..D.L2L.............▒▒▒^......
▒....2p............^.▒ ▒▒......
▒.✱..................▒ ▒......
▒..✱✱................▒ ▒▒.....
▒.✱...........@......▒ ▒.....
▒...§^....9..........▒ ▒▒.....
▒▒...^..............▒▒ ▒......
▒▒................▒▒ ▒▒....[.
▒▒.^9...........▒▒ ▒.......
█▒▒▒▒▒▒▒▒▒▒▒▒▒▒▒▒███ ▒▒▒▒▒▒▒▒
#....##............###.....##
#.##'##....#####.......###..÷
#.#..⌠#.†..# #...<...###...


You could see a Killer Klown, an electric golem, a golden dragon, 2 dread liches
and a storm dragon (catching breath).


Message History

The orb of fire completely resists.
The bolt of lightning misses you.
The orb of fire fails to trigger a net trap.
The blizzard demon waves its arms in wide circles.
The air twists around and strikes you!
* * * LOW HITPOINT WARNING * * *
Okay, then.
Okay, then.
Unknown command.
Unknown command.
You feel better.
Your surroundings suddenly seem different.
Found 5 poisoned darts, 7 stones, the Orb of Zot and a +0 plate armour.
You block the Orb Guardian's attack.
Unknown command.
Press: ? - help, v - describe, . - travel A dispersal trap.
The Orb Guardian attacks as you move away!
The Orb Guardian hits you.
* * * LOW HITPOINT WARNING * * *
An Orb Guardian comes into view.
The Orb Guardian hits you!
* * * LOW HITPOINT WARNING * * *
Unknown command.
Really fly into that permanent teleport trap?
The Orb Guardian attacks as you move away!
You block the Orb Guardian's attack.
You enter a permanent teleport trap!
Your surroundings suddenly seem different.
The storm dragon breathes lightning at you.
The bolt of lightning hits you!!!
You die...

Skill      XL: |  1  2  3  4  5  6  7  8  9 10 11 12 13 14 15 16 17 18 19 20 21 22 23 24 25 26 27 |
---------------+----------------------------------------------------------------------------------+-----
Spellcasting   | 4 5 6 7 8 9 10 11 13 14 15 16 17 19 20 21 | 21.7
Fighting       | 2 3 4 5 7 8 9 10 12 13 14 17 21 | 21.7
Dodging        | 3 4 5 6 7 9 10 17 | 17.5
Armour         | 2 3 5 6 7 9 11 12 13 14 16 17 20 | 20.0
Stealth        | 3 4 5 6 7 8 |  8.1
Evocations     | 3 4 5 6 7 9 |  9.9
Short Blades   | 3 4 5 6 9 10 | 10.3
Shields        | 5 7 8 13 19 | 19.0
Throwing       | 1 2 |  2.1
Long Blades    | 7 8 |  8.0

Action                     |  1- 3 |  4- 6 |  7- 9 | 10-12 | 13-15 | 16-18 | 19-21 | 22-24 | 25-27 || total
---------------------------+-------+-------+-------+-------+-------+-------+-------+-------+-------++-------
  Melee: Dagger            |       |       |       |    43 |    45 |    93 |    93 |       |       ||   274
         Punch             |       |       |       |       |       |     1 |       |       |       ||     1
         Scimitar          |       |       |       |       |       |       |   124 |   112 |    10 ||   246
   Cast: Magic Dart        |    21 |       |       |       |       |       |       |       |       ||    21
         Searing Ray       |     6 |    15 |    25 |    15 |     3 |     5 |       |       |       ||    69
         Foxfire           |    27 |    58 |    63 |   166 |     4 |       |    17 |     7 |       ||   342
         Iskenderun's Myst |       |     1 |    14 |    62 |    29 |    55 |    29 |    25 |     1 ||   216
         Fulminant Prism   |       |       |    30 |    52 |    62 |   105 |    37 |    13 |       ||   299
         Petrify           |       |       |       |    26 |    72 |    85 |    56 |       |       ||   239
         Borgnjor's Vile C |       |       |       |       |   402 |   259 |   351 |   174 |     2 ||  1188
         Statue Form       |       |       |       |       |       |    11 |       |       |       ||    11
         Monstrous Menager |       |       |       |       |       |       |    88 |    47 |     2 ||   137
         Enfeeble          |       |       |       |       |       |       |    15 |     4 |       ||    19
         Summon Horrible T |       |       |       |       |       |       |     3 |    14 |       ||    17
         Lehudib's Crystal |       |       |       |       |       |       |       |   318 |   189 ||   507
         Fire Storm        |       |       |       |       |       |       |       |       |   260 ||   260
         Dazzling Flash    |       |       |       |       |       |       |       |       |     2 ||     2
         Blink             |       |       |       |       |       |       |       |       |     2 ||     2
         Chain Lightning   |       |       |       |       |       |       |       |       |   102 ||   102
 Invoke: Curse Item        |       |       |     2 |     4 |     2 |     2 |     2 |     1 |       ||    13
         Shatter the Chain |       |       |       |     1 |       |       |     2 |     1 |       ||     4
  Evoke: Wand              |       |       |       |       |       |       |     6 |     5 |       ||    11
         Condenser vane    |       |       |       |       |       |       |     1 |     3 |       ||     4
         Box of beasts     |       |       |       |       |       |       |       |     1 |       ||     1
         Lightning rod     |       |       |       |       |       |       |       |     1 |       ||     1
    Use: Scroll            |     6 |     1 |     4 |     3 |     1 |     2 |     5 |     7 |     5 ||    34
         Potion            |       |       |       |     1 |       |       |     2 |     3 |     2 ||     8
   Stab: Petrified         |       |       |       |    25 |    18 |    28 |    22 |       |       ||    93
         Sleeping          |       |       |       |       |     8 |     5 |    20 |     4 |       ||    37
         Petrifying        |       |       |       |       |     4 |     7 |     6 |       |       ||    17
         Distracted        |       |       |       |       |       |       |     3 |     5 |       ||     8
         Invisible         |       |       |       |       |       |       |     2 |       |       ||     2
         Paralysed         |       |       |       |       |       |       |     1 |       |       ||     1
         Confused          |       |       |       |       |       |       |       |     1 |       ||     1
 Armour: Robe              |     1 |     7 |     4 |     9 |       |       |       |       |       ||    21
         Troll leather arm |       |       |       |     2 |    16 |    29 |    50 |       |       ||    97
         Skin              |       |       |       |       |       |    61 |       |       |       ||    61
         Chain mail        |       |       |       |       |       |       |    43 |   121 |    38 ||   202
  Dodge: Dodged            |     5 |     3 |     8 |    30 |    58 |   164 |   191 |    58 |    49 ||   566
  Block: Kite shield       |       |       |       |       |       |    45 |   203 |   143 |    59 ||   450

Levels and vault maps discovered:
D:1:      eino_arrival_tree_alley, layout_basic,
          hellmonk_ecumenical_altar_dog_temple
D:2:      layout_basic, kennysheep_generic_room_13
D:3:      layout_loops_corners, lightli_temple_of_fire
D:4:      layout_loops_ring, portal_sewer_entry_f
D:5:      cheibrodos_iron_armory, layout_loops_ring,
          lemuel_zombie_altar_kikubaaqudgha, lemuel_crystal_altar, serial_shops,
          shop, nicolae_shop_statue_plus, shop_coins, shop, uniq_blork_the_orc
D:6:      layout_loops_corners, mainiacjoe_overflow_paths,
          minmay_temple_entry_mini_moons
D:7:      layout_cave_pools, elyvilon_altar_4, minivault_23,
          roderic_roman_lattice, uniq_pikel
D:8:      layout_basic, serial_shops, shop, lemuel_another_geyser
D:9:      lemuel_slime, layout_irregular_city, zin_scriptorium,
          hangedman_decor_points, kennysheep_generic_room_12
D:10:     nzn_winding_woodlands_three_and_one
          [nzn_winding_woodlands_5x15_pockets,
          nzn_winding_woodlands_5x15_pathside_ponds,
          nzn_winding_woodlands_5x15_sidewinder,
          nzn_winding_woodlands_center_diamonds], layout_basic, serial_shops,
          shop, nicolae_square_shop, kennysheep_little_box,
          nicolae_shop_crystal, kennysheep_diamond
D:11:     layout_irregular_city, lair_entry_dummy, hiddenorc2_lemuel
D:12:     layout_cave_pools
D:13:     layout_cave_pools, grunt_vaults_entry_tiered
D:14:     layout_basic, nicolae_ashenzari_panopticon, uniq_snorg, uniq_kirke,
          uniq_azrael, uniq_louise
D:15:     grunt_enter_depths_hoard, layout_small_grid, grunt_decor_junction,
          gammafunk_ghost_hydra_chop, xom_teletrap_fun
Temple:   regret_index_temple_sphere_string
Lair:1:   layout_misc_corridors, minivault_19, st_stairs_11,
          beast_lair_carwin_7, uniq_amaemon, uniq_maggie
Lair:2:   layout_chaotic_city, ebering_ghost_rock_garden, dreamdust_wasp_nest
Lair:3:   layout_long_grid, elwin_shoals_entry_rooms,
          chequers_serial_rivers_micro_b, uniq_josephine
Lair:4:   layout_roguey [special_room_mythical_zoo],
          guppyfry_snake_entry_island, grunt_megastairs_5
Lair:5:   layout_long_grid, minmay_slime_entry_oklob_open,
          chequers_serial_rivers_small_3, small_statue_intersection,
          lemuel_fruit_tree
Lair:6:   hangedman_lair_caniforms_friends, layout_cave_pods,
          guppyfry_lair_end_dragon
Shoals:1: layout_shoals, nicolae_shoals_beach_cooler
Shoals:2: layout_shoals, uniq_frances
Shoals:3: layout_shoals, nicolae_shoals_abyss_on_the_beach
Shoals:4: shoals_end_hangedman, layout_shoals, serial_shops,
          nicolae_shop_waterfront
Snake:1:  layout_misc_corridors, ebering_ghost_rock_garden
Snake:2:  layout_cave_shapes, nicolae_snake_omega, grunt_megastairs_2,
          uniq_vashnia, uniq_nikola, uniq_aizul
Snake:3:  layout_rooms, uniq_bai_suzhen
Snake:4:  grunt_snake_rune_spirals, layout_concentric_octagons, drop_trap
Orc:1:    layout_caves
Orc:2:    st_orc_mages, layout_diamond_mine, nicolae_orc_pool_cavern,
          nicolae_shop_overcharged_wands
Vaults:1: nicolae_vaults_big_angled_halls, hangedman_vaults_river_flow,
          ontoclasm_vaults_gallery, grunt_vaults_bifocal, ontoclasm_vaults_spin,
          v_misc_14, layout_vaults_omnigrid, serial_shops, bzr_entry_lakeside
Vaults:2: nicolae_vaults_quadrants, v_misc_1, v_misc_13,
          hangedman_vaults_stitches, minmay_crypt_entry_simple_corners,
          nicolae_vaults_disjoint_gnomons, vaults_dpeg_encased_lava,
          vaults_dpeg_doors, v_pattern_2, v_misc_8, nicolae_vaults_what_the_h,
          nicolae_vaults_asterisk, nicolae_vaults_little_squares_2,
          layout_vaults_omnibox, serial_shops, shop
Vaults:3: ontoclasm_vaults_ring_small, v_misc_19, hangedman_vaults_stagger,
          vaults_mumra_lcd, nicolae_vaults_stairing_the_circle, v_misc_4,
          v_misc_19, v_misc_26, hangedman_vaults_maws,
          nicolae_vaults_border_crossing, grunt_vaults_hallway_long,
          layout_vaults_maze, serial_shops, nicolae_square_shop
Vaults:4: biasface_ghost_orc_armoury, nicolae_vaults_triangles,
          vaults_standard_mumra_x, v_pattern_4, ontoclasm_vaults_pinch,
          v_misc_29, vaults_dpeg_hooks, vaults_mumra_hex,
          nicolae_vaults_little_squares_2, ontoclasm_vaults_ring_small,
          ontoclasm_vaults_loading_screen, nicolae_vaults_little_squares_6,
          vaults_mumra_hexcomb, st_more_cells, layout_vaults_ring
Vaults:5
Crypt:1:  layout_catacombs, gammafunk_ghost_grave, minmay_misc_feat_columns,
          grunt_crypt_arrival_split, roderic_lattice_octagonal_star,
          uniq_frederick
Crypt:2:  layout_chaotic_city, mu_enter_wizlab_1, uniq_sojobo
Crypt:3:  church_of_pain_bobbens, layout_chaotic_city,
          nicolae_tomb_entry_rubble_hallway
Depths:1: layout_cave_pools, grunt_mini_vestibule, minmay_misc_feat_tower,
          gammafunk_ghost_wrathful_warriors, minmay_door_square,
          kennysheep_generic_room_10
Depths:2: cheibrodos_hall_of_evolution, layout_honeycomb, enter_ziggurat_a,
          pan_entry, hell_entry, serial_bayou_pond_a, uniq_vv
Depths:3: cell_vault, layout_long_grid, abyss_entry_small_statue_room,
          chequers_serial_rivers_marsh, pf_hell_entry_tar_river,
          minmay_shoptagon
Depths:4: grunt_zot_entry_tricorne, layout_basic, chequers_serial_rivers_room_b,
          hell_entry, minmay_room_of_horrors
Zot:1:    layout_cellular_growth, lemuel_baited_zot_trap, lemuel_lake_of_fire
Zot:2:    layout_basic
Zot:3:    layout_gridlike
Zot:4:    layout_gridlike, zot_minivault_3
Zot:5:    layout_basic

Notes
Turn   | Place    | Note
-------+----------+-------------------------------------------
     0 | D:1      | Drazool the Djinni Conjurer began the quest for the Orb.
     0 | D:1      | Drazool set off with the following spells memorised: Magic
                  | Dart, Searing Ray, Dazzling Flash, Fulminant Prism,
                  | Iskenderun's Mystic Blast.
     0 | D:1      | Reached XP level 1. HP: 15/15 MP: 0/0
   293 | D:1      | Reached XP level 2. HP: 12/21 MP: 0/0
   773 | D:1      | Found a faded altar of an unknown god.
   784 | D:1      | Reached XP level 3. HP: 16/25 MP: 0/0
   784 | D:1      | Learned a level 1 spell: Foxfire
  1160 | D:1      | Reached skill level 4 in Spellcasting
  2733 | D:3      | Identified the +4 ring mail of Opev {Dex+3}
  2786 | D:3      | Reached XP level 4. HP: 31/31 MP: 0/0
  3147 | D:3      | Found a burning altar of Makhleb.
  3720 | D:4      | Reached XP level 5. HP: 27/35 MP: 0/0
  3720 | D:4      | Learned a level 2 spell: Blink
  3748 | D:4      | Found a glowing drain.
  3878 | Sewer    | Entered a sewer
  3938 | Sewer    | Reached skill level 5 in Spellcasting
  4025 | Sewer    | Noticed Pargi
  4036 | Sewer    | Killed Pargi
  4037 | Sewer    | Reached XP level 6. HP: 28/40 MP: 0/0
  4665 | D:4      | Noticed an ogre
  4673 | D:4      | Killed an ogre
  4674 | D:4      | Reached skill level 6 in Spellcasting
  5085 | D:5      | Entered Level 5 of the Dungeon
  5085 | D:5      | Found Ykhlis's General Store.
  5090 | D:5      | Noticed an ice beast
  5111 | D:5      | Reached skill level 2 in Fighting
  5111 | D:5      | Reached XP level 7. HP: 35/49 MP: 0/0
  5111 | D:5      | Learned a level 2 spell: Lesser Beckoning
  5112 | D:5      | Reached skill level 3 in Fighting
  5268 | D:5      | Found Huitoyn's Book Shop.
  5399 | D:5      | Found Giwutoz's Armour Shoppe.
  5467 | D:5      | Found Exkemua's Book Boutique.
  5474 | D:5      | Reached skill level 3 in Dodging
  5866 | D:5      | Reached XP level 8. HP: 49/56 MP: 0/0
  6307 | D:6      | Found a staircase to the Ecumenical Temple.
  6316 | Temple   | Entered the Ecumenical Temple
  6404 | Temple   | Became a worshipper of Ashenzari the Shackled
  6666 | D:5      | Upgraded the game from 0.29-a0-845-g6161e89988 to
                  | 0.29-a0-872-g797fff5ad1
  6808 | D:6      | Found a hide-covered altar of Uskayaw.
  6824 | D:6      | Reached skill level 7 in Spellcasting
  7173 | D:6      | Reached skill level 4 in Fighting
  7271 | D:6      | Reached skill level 1 in Armour
  7350 | D:6      | Reached skill level 2 in Armour
  7764 | D:7      | Reached skill level 4 in Dodging
  7774 | D:7      | Reached XP level 9. HP: 34/62 MP: 0/0
  7774 | D:7      | Learned a level 3 spell: Swiftness
  8047 | D:7      | Noticed Pikel
  8054 | D:7      | Killed Pikel
  8055 | D:7      | Reached skill level 8 in Spellcasting
  8055 | D:7      | Reached skill level 5 in Fighting
  8055 | D:7      | Reached skill level 3 in Stealth
  8665 | D:7      | Found a white marble altar of Elyvilon.
  8675 | D:7      | Reached * piety under Ashenzari
  8675 | D:7      | Identified a potion of resistance
  9145 | D:8      | Found Coesoiti's Antique Weapon Boutique.
  9167 | D:8      | Reached XP level 10. HP: 55/70 MP: 0/0
  9182 | D:8      | Reached skill level 9 in Spellcasting
  9730 | D:8      | Reached skill level 6 in Fighting
  9985 | D:9      | Noticed a kobold demonologist
  9985 | D:9      | Noticed a kobold demonologist
  9985 | D:9      | Noticed a kobold demonologist
  9991 | D:9      | Killed a kobold demonologist
  9991 | D:9      | Killed a kobold demonologist
  9992 | D:9      | Reached skill level 7 in Fighting
  9992 | D:9      | Reached skill level 2 in Evocations
  9992 | D:9      | Killed a kobold demonologist
  9993 | D:9      | Reached skill level 3 in Evocations
 10098 | D:9      | Reached skill level 1 in Short Blades
 10224 | D:9      | Reached skill level 2 in Short Blades
 10275 | D:9      | Reached ** piety under Ashenzari
 10382 | D:9      | Identified the ring of Zuveppol {Wiz rN+}
 10454 | D:9      | Reached skill level 3 in Short Blades
 10579 | D:9      | Reached *** piety under Ashenzari
 10687 | D:9      | Noticed an oklob plant
 10714 | D:9      | Killed an oklob plant
 10715 | D:9      | Reached skill level 3 in Armour
 10715 | D:9      | Reached XP level 11. HP: 55/79 MP: 0/0
 10715 | D:9      | Learned a level 4 spell: Petrify
 10795 | D:9      | Found a glowing silver altar of Zin.
 11023 | D:10     | Entered Level 10 of the Dungeon
 11023 | D:10     | Found Dehunk's Jewellery Emporium.
 11071 | D:10     | Noticed a two-headed ogre
 11081 | D:10     | Killed a two-headed ogre
 11200 | D:10     | Reached skill level 10 in Spellcasting
 11200 | D:10     | Reached skill level 4 in Short Blades
 11203 | D:10     | Reached skill level 4 in Armour
 11203 | D:10     | Reached skill level 5 in Dodging
 11285 | D:10     | Found Loukubes's Distillery.
 11421 | D:10     | Noticed a two-headed ogre
 11431 | D:10     | Killed a two-headed ogre
 11462 | D:10     | Reached skill level 5 in Armour
 11479 | D:10     | Noticed a yaktaur captain
 11491 | D:10     | Killed a yaktaur captain
 11495 | D:10     | Noticed a centaur warrior
 11502 | D:10     | HP: 6/79 [centaur warrior/arrow (15)]
 11665 | D:10     | Killed a centaur warrior
 11925 | D:10     | Identified the +8 plate armour of the Imp {Str+2}
 12079 | D:10     | Found Runt's General Store.
 12087 | D:10     | Found Weykuc's Armour Shop.
 12479 | D:11     | Noticed a cyclops
 12490 | D:11     | Killed a cyclops
 12491 | D:11     | Reached XP level 12. HP: 89/89 MP: 0/0
 12522 | D:11     | Noticed a seven-headed hydra
 12532 | D:11     | Killed a seven-headed hydra
 12533 | D:11     | Reached skill level 4 in Stealth
 12533 | D:11     | Reached skill level 4 in Evocations
 12609 | D:11     | Noticed a two-headed ogre
 12619 | D:11     | Killed a two-headed ogre
 12622 | D:11     | Reached skill level 8 in Fighting
 12692 | D:11     | Reached skill level 5 in Short Blades
 12804 | D:11     | Noticed a boulder beetle
 12818 | D:11     | Killed a boulder beetle
 12914 | D:11     | Found a staircase to the Lair.
 13053 | D:11     | Found a staircase to the Orcish Mines.
 13312 | Lair:1   | Entered Level 1 of the Lair of Beasts
 13342 | Lair:1   | Reached skill level 11 in Spellcasting
 13359 | Lair:1   | Noticed Maggie
 13370 | Lair:1   | Killed Maggie
 13453 | Lair:1   | Reached skill level 6 in Dodging
 13504 | Lair:1   | Noticed Amaemon
 13519 | Lair:1   | Killed Amaemon
 13520 | Lair:1   | Reached XP level 13. HP: 87/99 MP: 0/0
 13520 | Lair:1   | Learned a level 5 spell: Borgnjor's Vile Clutch
 13521 | Lair:1   | Reached skill level 6 in Short Blades
 13598 | Lair:1   | Reached skill level 12 in Spellcasting
 14078 | Lair:2   | Reached skill level 6 in Armour
 14154 | Lair:2   | Reached skill level 9 in Fighting
 14242 | Lair:2   | Reached **** piety under Ashenzari
 14272 | Lair:2   | Noticed a boulder beetle
 14282 | Lair:2   | Killed a boulder beetle
 14302 | Lair:2   | Reached skill level 13 in Spellcasting
 14328 | Lair:2   | Noticed an eight-headed hydra
 14336 | Lair:2   | Killed an eight-headed hydra
 14446 | Lair:2   | Found a runed translucent gate.
 14447 | Lair:2   | Found a runed translucent gate.
 14448 | Lair:2   | Found a runed translucent gate.
 14448 | Lair:2   | Noticed Gyitair's ghost (journeyman DDFi)
 14996 | Lair:3   | Found a staircase to the Shoals.
 15196 | Lair:3   | Reached XP level 14. HP: 110/110 MP: 0/0
 15232 | Lair:3   | Noticed Josephine
 15248 | Lair:3   | Killed Josephine
 15403 | Lair:4   | Reached skill level 10 in Fighting
 15636 | Lair:4   | Reached skill level 5 in Evocations
 15668 | Lair:4   | Reached skill level 7 in Short Blades
 15705 | Lair:4   | Found a staircase to the Snake Pit.
 15984 | Lair:4   | Reached skill level 8 in Short Blades
 15991 | Lair:4   | Reached skill level 5 in Stealth
 16220 | Lair:5   | Identified the +1 ring mail "Yrpharch" {rPois Will+ Dex+2}
 16275 | Lair:5   | Reached skill level 9 in Short Blades
 16275 | Lair:5   | Reached skill level 7 in Armour
 16472 | Lair:5   | Reached ***** piety under Ashenzari
 16561 | Lair:5   | Found a viscous altar of Jiyva.
 16563 | Lair:5   | Found a staircase to the Slime Pits.
 16819 | Lair:6   | Entered Level 6 of the Lair of Beasts
 16907 | Lair:6   | Reached XP level 15. HP: 116/121 MP: 0/0
 16907 | Lair:6   | Learned a level 6 spell: Statue Form
 16932 | Lair:6   | Identified the +0 chain mail "Zyvouzyf" {Regen+ Dex+5}
 16963 | Lair:6   | Reached skill level 8 in Armour
 17085 | Lair:6   | Reached skill level 9 in Armour
 17457 | Lair:6   | Reached skill level 6 in Stealth
 17759 | Lair:6   | Reached skill level 6 in Evocations
 17816 | Lair:6   | Identified the +10 sling of Inconvenience {flame, *Corrode
                  | rF++}
 18126 | Orc:1    | Entered Level 1 of the Orcish Mines
 18147 | Orc:1    | Noticed an orc warlord
 18160 | Orc:1    | Killed an orc warlord
 18384 | Orc:2    | Entered Level 2 of the Orcish Mines
 18528 | Orc:2    | Identified a +2 robe of resistance
 18543 | Orc:2    | Found a staircase to the Elven Halls.
 18902 | Orc:2    | Reached skill level 14 in Spellcasting
 18923 | Orc:2    | Found Madoguk's Overcharged Wands.
 19047 | Orc:2    | Paralysed by an orc sorcerer for 2 turns
 19064 | Orc:2    | Found Guhunual's Weapon Shoppe.
 19064 | Orc:2    | Found Meggin's General Store.
 19065 | Orc:2    | Found Puonamio's Jewellery Emporium.
 19068 | Orc:2    | Found Bysim's Antique Weapon Shoppe.
 19564 | D:12     | Reached XP level 16. HP: 128/128 MP: 0/0
 19890 | D:13     | Identified the +1 leather armour "Itepp" {*Corrode Regen+
                  | Int+8 Dex-2}
 19973 | D:13     | Reached skill level 11 in Fighting
 19997 | D:13     | Found a gate to the Vaults.
 20431 | D:14     | Upgraded the game from 0.29-a0-872-g797fff5ad1 to
                  | 0.29-a0-876-gfc89b1a5bd
 20515 | D:14     | Noticed Louise
 20530 | D:14     | Killed Louise
 20558 | D:14     | Reached skill level 15 in Spellcasting
 20640 | D:14     | Noticed Kirke
 20642 | D:14     | Noticed Snorg
 20648 | D:14     | Killed Snorg
 20653 | D:14     | Killed Kirke
 20805 | D:14     | Noticed Azrael
 20817 | D:14     | Killed Azrael
 20867 | D:14     | Found a broken altar of Ashenzari.
 21080 | D:15     | Entered Level 15 of the Dungeon
 21163 | D:15     | Found a staircase to the Depths.
 21286 | D:15     | Reached skill level 12 in Fighting
 21378 | D:15     | Found a shimmering altar of Xom.
 21431 | D:15     | Reached skill level 7 in Dodging
 21469 | D:15     | Reached XP level 17. HP: 134/138 MP: 0/0
 21469 | D:15     | Learned a level 7 spell: Enfeeble
 21495 | D:15     | Found a runed translucent gate.
 21495 | D:15     | Found a runed translucent gate.
 21496 | D:15     | Found a runed translucent gate.
 21500 | D:15     | Noticed porpoise's ghost (journeyman HOMo)
 21768 | D:15     | Reached skill level 8 in Dodging
 22040 | Snake:1  | Entered Level 1 of the Snake Pit
 22218 | Snake:1  | Found a runed translucent gate.
 22219 | Snake:1  | Found a runed translucent gate.
 22220 | Snake:1  | Found a runed translucent gate.
 22221 | Snake:1  | Noticed buhh's ghost (adept MeTm)
 22221 | Snake:1  | Identified the Exposition on the Chill
 22284 | Snake:1  | Identified a scroll of acquirement
 22303 | Snake:1  | Acquired a manual of Dodging
 22543 | Snake:2  | Noticed Nikola
 22553 | Snake:2  | Noticed Aizul
 22600 | Snake:2  | Killed Nikola
 22659 | Snake:2  | Reached skill level 7 in Stealth
 22697 | Snake:2  | Noticed Vashnia
 22702 | Snake:2  | Reached skill level 9 in Dodging
 22851 | Snake:2  | Identified the cursed +1 pair of gloves of Curses and Power
                  | {Cun, Evo} (You found it on level 3 of the Dungeon)
 22851 | Snake:2  | Identified the cursed +0 troll leather armour of Panopticon
                  | {Regen+, Self, Range} (You found it on level 9 of the
                  | Dungeon)
 22896 | Snake:2  | Killed Vashnia
 22897 | Snake:2  | Reached skill level 10 in Armour
 23029 | Snake:2  | Upgraded the game from 0.29-a0-876-gfc89b1a5bd to
                  | 0.29-a0-878-g7b45a56547
 23045 | Snake:2  | Reached skill level 11 in Armour
 23156 | Snake:2  | Killed Aizul
 23302 | Snake:2  | Reached skill level 1 in Shields
 23303 | Snake:2  | Reached ****** piety under Ashenzari
 23593 | Snake:3  | Reached skill level 2 in Shields
 23610 | Snake:3  | Reached skill level 3 in Shields
 23630 | Snake:2  | Reached skill level 4 in Shields
 23738 | Snake:3  | Noticed Bai Suzhen
 23743 | Snake:3  | Reached skill level 5 in Shields
 23762 | Snake:3  | Killed Bai Suzhen
 23778 | Snake:3  | Reached XP level 18. HP: 146/146 MP: 0/0
 23784 | Snake:3  | Reached skill level 6 in Shields
 23881 | Snake:3  | Reached skill level 7 in Shields
 24171 | Snake:3  | Reached skill level 8 in Stealth
 24245 | Snake:3  | Upgraded the game from 0.29-a0-878-g7b45a56547 to
                  | 0.29-a0-892-g2c4c91d9db
 24264 | Snake:4  | Entered Level 4 of the Snake Pit
 24346 | Snake:4  | Upgraded the game from 0.29-a0-892-g2c4c91d9db to
                  | 0.29-a0-1009-g60c99734e7
 24368 | Snake:4  | Reached skill level 10 in Short Blades
 24672 | Snake:4  | Reached skill level 13 in Fighting
 24753 | Snake:4  | Got a serpentine rune of Zot
 24932 | Snake:4  | Reached skill level 12 in Armour
 25053 | Snake:4  | Identified a scarf of resistance
 25189 | Snake:4  | Reached skill level 7 in Evocations
 25230 | Snake:4  | Reached skill level 1 in Throwing
 25235 | Snake:4  | Reached XP level 19. HP: 155/158 MP: 0/0
 25235 | Snake:4  | Learned a level 7 spell: Monstrous Menagerie
 25242 | Snake:4  | Reached skill level 2 in Throwing
 25288 | Snake:4  | Reached skill level 16 in Spellcasting
 25405 | Snake:4  | Upgraded the game from 0.29-a0-1009-g60c99734e7 to
                  | 0.29-a0-1043-g569b05d6ff
 25514 | Shoals:1 | Entered Level 1 of the Shoals
 26283 | Shoals:1 | Found a runed translucent gate.
 26283 | Shoals:1 | Found a runed translucent gate.
 26283 | Shoals:1 | Found a runed translucent gate.
 27042 | Shoals:2 | Noticed Frances
 27049 | Shoals:2 | Killed Frances
 27050 | Shoals:2 | Reached skill level 14 in Fighting
 27215 | Shoals:2 | Identified the ring "Kempown" {Wiz Slay+3}
 27692 | Shoals:3 | Upgraded the game from 0.29-a0-1043-g569b05d6ff to
                  | 0.29-a0-1065-g47a6bb87d6
 27714 | Shoals:3 | Reached skill level 10 in Dodging
 27853 | Shoals:3 | Found a runed translucent door.
 27856 | Shoals:3 | Found a corrupted altar of Lugonu.
 27859 | Shoals:3 | Found a one-way gate to the infinite horrors of the Abyss.
 28365 | Shoals:3 | Reached skill level 13 in Armour
 28376 | Shoals:3 | Reached XP level 20. HP: 127/167 MP: 0/0
 28552 | Shoals:4 | Entered Level 4 of the Shoals
 28812 | Shoals:4 | Reached skill level 17 in Spellcasting
 29357 | Shoals:4 | Found Pijodom's Armour Emporium.
 29761 | Shoals:4 | Got a barnacled rune of Zot
 30172 | Vaults:1 | Entered Level 1 of the Vaults
 30213 | Vaults:1 | Found a flickering gateway to a bazaar.
 30238 | Bazaar   | Entered a bazaar
 30238 | Bazaar   | Found Gucum's Weapon Boutique.
 30238 | Bazaar   | Found Zycigodio's Book Boutique.
 30260 | Bazaar   | Found Jiben's Weapon Shop.
 30305 | Bazaar   | Found Uguqitow's Weapon Boutique.
 30341 | Bazaar   | Bought the +10 scimitar "Beastbane" {speed, Int+4} for 1006
                  | gold pieces
 30349 | Bazaar   | Bought a manual of Throwing for 800 gold pieces
 30457 | Vaults:1 | Reached skill level 1 in Long Blades
 30629 | Vaults:1 | Reached skill level 2 in Long Blades
 30721 | Vaults:1 | Reached skill level 3 in Long Blades
 30733 | Vaults:1 | Reached skill level 4 in Long Blades
 30890 | Vaults:1 | Reached skill level 5 in Long Blades
 31538 | Vaults:1 | Reached skill level 6 in Long Blades
 32541 | Vaults:2 | Reached skill level 7 in Long Blades
 32693 | Vaults:2 | Found the +5 glaive of the Guard {elec, spectral, AC+5}
 32715 | Vaults:2 | Reached XP level 21. HP: 157/166 MP: 0/0
 32715 | Vaults:2 | Learned a level 8 spell: Summon Horrible Things
 32727 | Vaults:2 | Reached skill level 8 in Long Blades
 32819 | Vaults:2 | Found Voihuzol's Book Shop.
 32906 | Vaults:2 | Reached skill level 18 in Spellcasting
 33056 | Vaults:2 | Found a staircase to the Crypt.
 34091 | Vaults:3 | Reached skill level 19 in Spellcasting
 34258 | Vaults:3 | Reached skill level 8 in Shields
 34379 | Vaults:3 | Found Ijuex's Antique Armour Shop.
 34387 | Vaults:3 | Upgraded the game from 0.29-a0-1065-g47a6bb87d6 to
                  | 0.30-a0-23-ge60ba3568b
 34398 | Vaults:3 | Reached skill level 14 in Armour
 34417 | Vaults:3 | Bought a glowing helmet for 225 gold pieces
 34450 | Vaults:3 | Reached XP level 22. HP: 109/176 MP: 0/0
 35349 | Vaults:4 | Reached skill level 20 in Spellcasting
 35502 | Vaults:4 | Upgraded the game from 0.30-a0-23-ge60ba3568b to
                  | 0.30-a0-371-gad7725a93e
 35942 | Vaults:4 | Identified the +1 scale mail "Beass" {Fly rC- Dex+3 Slay+3}
 36140 | Vaults:4 | Found a runed translucent gate.
 36140 | Vaults:4 | Noticed nickcage's ghost (adept MiAK)
 36155 | Vaults:4 | Found a runed translucent gate.
 36155 | Vaults:4 | Found a runed translucent gate.
 36426 | Vaults:4 | Killed nickcage's ghost
 36787 | Depths:1 | Entered Level 1 of the Depths
 36869 | D:15     | Reached XP level 23. HP: 81/183 MP: 0/0
 36869 | D:15     | Learned a level 8 spell: Lehudib's Crystal Spear
 37085 | Depths:1 | Reached skill level 21 in Spellcasting
 37164 | Depths:1 | Noticed a juggernaut
 37170 | Depths:1 | Noticed Tuashofa's ghost (adept FeVM)
 37173 | Depths:1 | Found a bloodstained altar of Trog.
 37183 | Depths:1 | Found a transporter.
 37189 | Depths:1 | Found a transporter.
 37193 | Depths:1 | Identified the +6 halberd "Listrufept" {speed, rPois rC-
                  | rCorr Str+3}
 37216 | Depths:1 | Found a gateway to Hell.
 37308 | Depths:1 | Identified Sif Muna's Parchment of the Bewitching Voyage
 37757 | Depths:2 | Reached skill level 8 in Evocations
 38110 | Depths:2 | Reached skill level 9 in Evocations
 38353 | Depths:2 | Reached skill level 15 in Fighting
 38399 | Depths:2 | Found a one-way gateway to a ziggurat.
 38466 | Depths:2 | Identified the +1 leather armour of Failure {Harm rC+++
                  | Dex+2 Slay-3}
 38537 | Depths:2 | Noticed Vv
 38547 | Depths:2 | Killed Vv
 38733 | Depths:2 | Found a one-way gate leading to the halls of Pandemonium.
 39100 | Depths:2 | Noticed a juggernaut
 39111 | Depths:2 | Killed a juggernaut
 39145 | Depths:2 | Acquired the +6 double sword of Siok {vorpal, Str+4}
 39146 | Depths:2 | Acquired a manual of Fighting
 39148 | Depths:2 | Acquired the +6 quick blade of Cowardice {drain, rF+ rC+
                  | Int+5 Dex+4}
 39387 | Depths:3 | Reached skill level 16 in Fighting
 39447 | Depths:3 | Found Mirul's Magic Scroll Emporium.
 39451 | Depths:3 | Bought a scroll of blinking for 105 gold pieces
 39451 | Depths:3 | Found Ziguuqiu's Armour Shoppe.
 39686 | Depths:3 | Reached skill level 17 in Fighting
 39827 | Depths:3 | Reached XP level 24. HP: 185/197 MP: 0/0
 39969 | Depths:3 | Reached skill level 18 in Fighting
 40057 | Depths:3 | Identified a +0 buckler of resistance
 40145 | Depths:3 | Noticed a caustic shrike
 40149 | Depths:3 | Killed a caustic shrike
 40238 | Depths:3 | Identified the +2 scale mail of the Ego {Str+4}
 40248 | Depths:3 | Noticed a golden dragon
 40255 | Depths:3 | Killed a golden dragon
 40257 | Depths:3 | Reached skill level 19 in Fighting
 40442 | Depths:3 | Noticed a caustic shrike
 40444 | Depths:3 | Noticed a juggernaut
 40450 | Depths:3 | Killed a caustic shrike
 40456 | Depths:3 | Killed a juggernaut
 40585 | Depths:3 | Reached skill level 20 in Fighting
 41121 | Crypt:1  | Entered Level 1 of the Crypt
 41121 | Crypt:1  | Noticed Frederick
 41126 | Crypt:1  | Killed Frederick
 41422 | Crypt:1  | Reached skill level 21 in Fighting
 41462 | Crypt:1  | Noticed a curse skull
 41500 | Crypt:1  | HP: 13/206 [harpy zombie[a curse skull] (10)]
 41502 | Crypt:1  | HP: 6/206 [harpy zombie[a curse skull] (2)]
 41508 | Crypt:1  | HP: 9/206 [harpy zombie[a curse skull] (7)]
 41604 | Vaults:2 | Killed a curse skull
 42047 | Crypt:1  | Found a runed translucent door.
 42049 | Crypt:1  | Noticed Houmnergh's ghost (master GnTm)
 42599 | Crypt:2  | Noticed Sojobo
 42604 | Crypt:2  | Paralysed by an air elemental for 1 turns
 42611 | Crypt:2  | Reached skill level 15 in Armour
 42612 | Crypt:2  | Killed Sojobo
 42714 | Crypt:2  | Found a magical portal.
 42731 | WizLab   | Entered Wucad Mu's Monastery
 43075 | WizLab   | Found the +9 staff of Wucad Mu {*channel}
 43112 | WizLab   | Identified a potion of experience
 43117 | WizLab   | Reached skill level 16 in Armour
 43117 | WizLab   | Reached XP level 25. HP: 214/214 MP: 0/0
 43117 | WizLab   | Learned a level 9 spell: Fire Storm
 43356 | Crypt:2  | Reached XP level 26. HP: 207/221 MP: 0/0
 43809 | Crypt:3  | Entered Level 3 of the Crypt
 43809 | Crypt:3  | Noticed a curse skull
 43811 | Crypt:3  | Killed a curse skull
 43846 | Crypt:3  | Reached skill level 17 in Armour
 44030 | Crypt:3  | Reached skill level 9 in Shields
 44215 | Crypt:3  | Noticed a royal mummy
 44218 | Crypt:3  | Killed a royal mummy
 44309 | Crypt:3  | Reached skill level 10 in Shields
 44376 | Crypt:3  | Found a basalt altar of Yredelemnul.
 44422 | Crypt:3  | Identified the Spellbook of Vexing Outbursts
 44561 | Crypt:3  | Identified the ring "Ariagh" {rElec rC+ rCorr MP+9 Str-3}
 44582 | Crypt:3  | Upgraded the game from 0.30-a0-371-gad7725a93e to
                  | 0.30-a0-1161-g0704695555
 44912 | Crypt:3  | Noticed a curse skull
 44916 | Crypt:3  | Killed a curse skull
 45032 | Crypt:3  | Reached skill level 11 in Shields
 45215 | Crypt:3  | Found a staircase to the Tomb.
 45330 | Crypt:3  | Upgraded the game from 0.30-a0-1161-g0704695555 to
                  | 0.31-a0-40-g1d5085d191
 45541 | Vaults:5 | Entered Level 5 of the Vaults
 45574 | Vaults:5 | Noticed an ancient lich
 45578 | Vaults:5 | Killed an ancient lich
 45579 | Vaults:5 | Reached skill level 12 in Shields
 45685 | Vaults:5 | Noticed an ancient lich
 45690 | Vaults:5 | Killed an ancient lich
 45691 | Vaults:5 | Reached skill level 13 in Shields
 45922 | Vaults:5 | Reached XP level 27. HP: 133/225 MP: 0/0
 45922 | Vaults:5 | Learned a level 9 spell: Chain Lightning
 46151 | Vaults:5 | Got a silver rune of Zot
 46185 | Vaults:5 | Reached skill level 11 in Dodging
 46197 | Vaults:5 | Noticed an ancient lich
 46202 | Vaults:5 | Killed an ancient lich
 46202 | Vaults:5 | Identified the +8 sling of Equivalence {drain, rN++ MP-9}
 46306 | Vaults:5 | Reached skill level 12 in Dodging
 46413 | Vaults:5 | Reached skill level 13 in Dodging
 46560 | Vaults:5 | Identified the ring "Toplazel" {Will++ AC+4 Stlth+}
 46567 | Vaults:5 | Reached skill level 18 in Armour
 46814 | Vaults:5 | Paralysed by a Zot trap for 2 turns
 47026 | Vaults:5 | Found Zuwes's Antique Weapon Boutique.
 47103 | Vaults:5 | Found Quruokhla's Book Shoppe.
 47140 | Vaults:5 | Found Ulireter's Antique Armour Shoppe.
 47141 | Vaults:5 | Found Neita Zoidd's Distillery.
 47676 | Depths:4 | Entered Level 4 of the Depths
 47756 | Depths:4 | Reached skill level 14 in Shields
 47986 | Depths:4 | Identified a +2 buckler of resistance
 47989 | Depths:4 | Reached skill level 15 in Shields
 48055 | Depths:4 | Found a gate to the Realm of Zot.
 48434 | Depths:4 | Reached skill level 16 in Shields
 48721 | Zot:1    | Entered Level 1 of the Realm of Zot
 48737 | Zot:1    | Noticed an orb of fire
 48745 | Zot:1    | Gained mutation: You are clumsy. (Dex -2) [an orb of fire]
 48746 | Zot:1    | Killed an orb of fire
 48747 | Zot:1    | Noticed an orb of fire
 48805 | Zot:1    | Noticed an orb of fire
 48808 | Zot:1    | Killed an orb of fire
 48810 | Zot:1    | Killed an orb of fire
 48875 | Zot:1    | Noticed an orb of fire
 48883 | Zot:1    | Killed an orb of fire
 49038 | Zot:1    | Reached skill level 17 in Shields
 49347 | Zot:1    | Reached skill level 14 in Dodging
 49554 | Zot:1    | Reached skill level 15 in Dodging
 49817 | Zot:2    | Identified the +2 plate armour of Noxious Leaves {*Corrode
                  | MP+9 Dex+2}
 50026 | Zot:2    | Reached skill level 16 in Dodging
 50500 | Zot:2    | Reached skill level 17 in Dodging
 50671 | Zot:3    | Noticed an electric golem
 50677 | Zot:3    | Killed an electric golem
 51677 | Zot:4    | Identified a scarf of resistance
 51764 | Zot:4    | Noticed a curse toe
 51768 | Zot:4    | Killed a curse toe
 51769 | Zot:4    | Reached skill level 19 in Armour
 51769 | Zot:4    | Reached skill level 18 in Shields
 52226 | Zot:4    | Noticed a curse toe
 52228 | Zot:4    | Killed a curse toe
 52245 | Zot:4    | Noticed a curse toe
 52249 | Zot:4    | Killed a curse toe
 52595 | Zot:5    | Entered Level 5 of the Realm of Zot
 53113 | Zot:5    | Noticed an electric golem
 53113 | Zot:5    | Noticed an orb of fire
 53113 | Zot:5    | Noticed an orb of fire
 53113 | Zot:5    | Noticed an orb of fire
 53115 | Zot:5    | Gained mutation: Your muscles are strong. (Str +4, Int/Dex
                  | -1) [an orb of fire]
 53116 | Zot:5    | Noticed a curse toe
 53121 | Zot:5    | Killed an orb of fire
 53121 | Zot:5    | Gained mutation: Your spells are a little easier to cast,
                  | but a little less powerful. [an orb of fire]
 53122 | Zot:5    | Reached skill level 19 in Shields
 53124 | Zot:5    | Noticed an ancient lich
 53125 | Zot:5    | Noticed an orb of fire
 53126 | Zot:5    | Noticed an electric golem
 53126 | Zot:5    | Noticed a Killer Klown
 53127 | Zot:5    | Reached skill level 20 in Armour
 53129 | Zot:5    | Noticed a dread lich
 53131 | Zot:5    | Noticed an orb of fire
 53131 | Zot:5    | Noticed an orb of fire
 53131 | Zot:5    | Noticed a dread lich
 53131 | Zot:5    | Noticed an orb of fire
 53131 | Zot:5    | Noticed a Killer Klown
 53134 | Zot:5    | Gained mutation: You occasionally shout uncontrollably at
                  | your foes. [an orb of fire]
 53135 | Zot:5    | Gained mutation: Armour fits poorly on your strangely
                  | shaped body. [an orb of fire]
 53138 | Zot:5    | HP: 16/228 [orb of fire/bolt of fire (38)]
 53139 | Zot:5    | HP: 2/228 [blizzard demon/the air[a dread lich] (11)]
 53142 | Zot:5    | Killed from afar by a storm dragon

Vanquished Creatures
  5 orbs of fire
  3 ancient liches (Vaults:5)
  A juggernaut (Depths:3)
  A royal mummy (Crypt:3)
  Sojobo (Crypt:2)
  Frederick (Crypt:1)
  Bai Suzhen (Snake:3)
  Vv (Depths:2)
  Vashnia (Snake:2)
  2 caustic shrikes (Depths:3)
  3 curse toes (Zot:4)
  13 golden dragons
  Nikola (Snake:2)
  An electric golem (Zot:3)
  13 tentacled monstrosities
  2 walking crystal tomes (Depths:3)
  4 liches
  4 quicksilver dragons
  10 Orb Guardians (Zot:5)
  9 ancient champions
  6 titans
  2 krakens
  Frances (Shoals:2)
  6 sphinxes
  9 death cobs
  14 shadow dragons
  A sphinx (shapeshifter) (Vaults:5)
  10 tengu reavers
  Kirke (D:14)
  11 storm dragons
  5 draconian monks
  13 fire giants
  4 draconian knights
  2 revenants
  16 nagarajas
  An azure jelly (shapeshifter) (Vaults:5)
  10 frost giants
  15 vault wardens
  5 draconian scorchers
  Aizul (Snake:2)
  2 draconian shifters (Zot:2)
  Louise (D:14)
  A balrug (Depths:1)
  3 curse skulls
  A deep elf sorcerer (Vaults:5)
  5 spectral caustic shrikes (Depths:3)
  2 iron dragons
  An orc warlord (Orc:1)
  12 ghouls
  A ghost moth (Zot:4)
  15 ironbound preservers
  A war gargoyle (Vaults:1)
  2 draconian stormcallers
  3 draconian annihilators
  15 very ugly things
  3 spriggan defenders (Depths:2)
  14 stone giants
  A caustic shrike skeleton (Crypt:2)
  A juggernaut skeleton (Crypt:1)
  3 ironbound thunderhulks
  2 vampire knights (Crypt:3)
  Azrael (D:14)
  6 black draconians
  5 dire elephants
  5 green draconians
  4 entropy weavers
  A deep elf annihilator (Vaults:5)
  8 red draconians
  7 purple draconians
  8 yellow draconians
  11 white draconians
  An orange crystal statue (WizLab)
  A crystal guardian (Vaults:4)
  Snorg (D:14)
  4 deep elf death magi
  6 merfolk impalers
  2 merfolk javelineers (Shoals:4)
  A blizzard demon (Depths:1)
  12 jiangshi
  3 eidola
  12 ettins
  8 fire dragons
  2 deep elf high priests (Vaults:5)
  6 mummy priests (Crypt:3)
  18 yaktaur captains
  Josephine (Lair:3)
  5 great orbs of eyes
  A hell beast (Depths:1)
  2 salamander tyrants
  6 ogre magi
  A rakshasa (Depths:3)
  2 peacekeepers
  9 hydras
  5 anacondas
  A quicksilver dragon skeleton (Crypt:2)
  6 boulder beetles
  An alligator snapping turtle (Shoals:2)
  11 ice dragons
  31 vault guards
  3 death knights
  2 merfolk avatars
  12 two-headed ogres
  6 ironbound frosthearts
  10 centaur warriors
  3 merfolk aquamancers
  2 satyrs
  3 deep troll shamans
  19 naga warriors
  3 orc high priests
  9 vampire magi
  6 deep troll earth magi
  18 naga sharpshooters
  A titan zombie (Depths:1)
  8 shock serpents
  6 tengu warriors
  14 spriggan berserkers
  6 hell knights
  3 death yaks (Lair:5)
  A soul eater (Crypt:1)
  Amaemon (Lair:1)
  42 skeletal warriors
  2 shadow wraiths
  A spark wasp zombie (Crypt:3)
  4 glowing orange brains
  6 iron trolls
  2 salamander mystics
  60 deep trolls
  3 sea snakes
  15 ironbound convokers
  3 flayed ghosts
  7 naga ritualists
  2 lindwurms (Vaults:2)
  3 orc knights
  A kraken simulacrum (Shoals:1)
  7 wizards
  A swamp dragon (shapeshifter) (Depths:4)
  A tengu zombie (Vaults:1)
  8 necromancers
  3 deep elf pyromancers
  9 phantasmal warriors
  Pikel (D:7)
  7 mana vipers
  25 harpies
  A stone giant zombie (Vaults:1)
  A lindwurm (shapeshifter) (D:14)
  A wolf spider (Vaults:5)
  26 ugly things
  6 orc sorcerers (Orc:2)
  7 cyclopes
  10 manticores
  14 salamanders
  4 oklob plants
  8 large abominations (Depths:4)
  A frost giant zombie (Vaults:4)
  7 elephants
  15 fauns
  A salamander (shapeshifter) (D:14)
  8 merfolk sirens
  27 moths of wrath
  2 apocalypse crabs (Shoals:3)
  2 torpor snails
  A guardian serpent (shapeshifter) (Depths:3)
  6 guardian serpents
  13 vault sentinels
  27 black mambas
  A gargoyle (D:12)
  An orange demon (Lair:1)
  Maggie (Lair:1)
  19 naga magi
  3 water nymphs
  3 unseen horrors (Depths:4)
  17 cane toads
  12 rime drakes
  3 freezing wraiths
  A catoblepas zombie (Crypt:1)
  A shock serpent skeleton (Crypt:2)
  29 yaktaurs
  3 efreet
  6 komodo dragons
  4 kobold demonologists
  3 tengu conjurers
  A yaktaur (shapeshifter) (D:14)
  A sea snake skeleton (Crypt:1)
  A green draconian skeleton (Crypt:1)
  A catoblepas skeleton (Crypt:2)
  A minotaur skeleton (Crypt:1)
  A yaktaur skeleton (Vaults:4)
  25 guardian mummies (Crypt:3)
  30 merfolk
  A pale draconian skeleton (Crypt:1)
  3 meliai (D:15)
  2 polar bears (shapeshifter)
  9 trolls
  A grey draconian skeleton (Crypt:1)
  12 polar bears
  3 wind drakes
  5 raiju (Lair:6)
  20 hornets
  33 slime creatures
  22 blink frogs
  4 dream sheep (Shoals:4)
  7 snapping turtles
  An ettin zombie (Depths:1)
  A black mamba zombie (Crypt:1)
  A guardian serpent skeleton (Crypt:2)
  A jumping spider (Vaults:3)
  A wind drake zombie (Crypt:3)
  9 flying skulls (Crypt:3)
  34 yaks
  10 spriggans
  A shadow (D:12)
  4 fire elementals
  11 wraiths
  11 wyverns
  A hog (shapeshifter) (D:13)
  17 humans (D:13)
  A chaos spawn (Depths:4)
  3 small abominations (Depths:4)
  8 water elementals
  5 hogs (D:14)
  2 alligator snapping turtle simulacra (Shoals:1)
  5 ushabtiu (Crypt:3)
  12 vampire mosquitoes
  6 redbacks
  4 steam dragons
  A sea snake simulacrum (Shoals:1)
  6 basilisks
  9 wargs
  A glowing shapeshifter zombie (Depths:1)
  4 harpy simulacra (Shoals:1)
  7 hydra simulacra (Depths:2)
  40 nagas
  A floating eye (Depths:3)
  2 glowing shapeshifter skeletons
  3 acid dragons
  15 water moccasins
  15 hell hounds
  Pargi (Sewer)
  12 black bears
  2 ice beasts
  28 orc warriors
  A black bear (shapeshifter) (D:13)
  25 wolves
  15 ogres
  13 centaurs
  A lemure (D:7)
  7 kobold brigands
  2 gnoll sergeants
  11 bullfrogs
  A scorpion (D:5)
  7 necrophages
  2 faun simulacra (Shoals:1)
  3 merfolk simulacra (Shoals:1)
  10 wights
  7 killer bees
  A manticore simulacrum (Shoals:1)
  A warg skeleton (Crypt:3)
  3 snapping turtle simulacra (Shoals:1)
  4 howler monkeys
  6 electric eels (D:10)
  3 hounds
  A human zombie (Crypt:3)
  38 orc priests
  10 jellies
  A basilisk zombie (Crypt:1)
  A cyclops simulacrum (Shoals:1)
  A gnoll bouda (D:7)
  9 iguanas
  A human skeleton (Crypt:1)
  40 orc wizards
  7 hell rats (Lair:4)
  2 centaur simulacra (Shoals:1)
  2 ogre skeletons
  10 mummies (Crypt:3)
  17 gnolls
  10 adders
  2 shadow imps
  An ufetubus (D:6)
  A worm (D:3)
  4 dart slugs
  104 orcs
  2 ball pythons
  4 bat zombies (D:5)
  16 endoplasms
  4 giant cockroaches
  4 goblins
  3 hobgoblins
  4 jackals
  33 kobolds
  5 quokkas
  A ball python skeleton (Crypt:1)
  7 bats
  A frilled lizard skeleton (Crypt:2)
  A goblin skeleton (Crypt:2)
  A jackal zombie (Crypt:3)
  6 rats
  A rat zombie (D:5)
  A fire vortex (D:15)
  A fulminant prism (D:10)
  5 tentacles
2122 creatures vanquished.

Vanquished Creatures (collateral kills)
  A juggernaut (Depths:2)
  The ghost of nickcage the Skullcrusher, an adept MiAK of Lugonu (Vaults:4)
  2 Orb Guardians (Zot:5)
  2 krakens
  2 sphinxes
  A tengu reaver (Vaults:5)
  A storm dragon (Zot:5)
  2 shadow dragons
  A frost giant (Shoals:1)
  4 vault wardens
  4 ironbound preservers
  A war gargoyle (Vaults:1)
  An orc warlord (Vaults:4)
  3 very ugly things
  4 stone giants
  A black draconian (Depths:4)
  A deep elf annihilator (Vaults:5)
  3 ironbound thunderhulks
  An entropy weaver (Vaults:3)
  2 dire elephants (Vaults:3)
  2 purple draconians
  An ettin (Vaults:5)
  4 merfolk impalers
  2 crystal guardians (Vaults:4)
  A great orb of eyes (Vaults:4)
  3 yaktaur captains
  3 vault guards
  A boulder beetle (Vaults:3)
  A peacekeeper (Vaults:4)
  An alligator snapping turtle (Shoals:4)
  A centaur warrior (Vaults:3)
  An ogre mage (Vaults:1)
  A merfolk avatar (Shoals:4)
  2 merfolk aquamancers (Shoals:4)
  3 ironbound frosthearts
  2 orc high priests (Vaults:4)
  2 hell knights (Depths:2)
  A sea snake (Shoals:4)
  A skeletal warrior (Crypt:3)
  A phantasmal warrior (Vaults:2)
  10 deep trolls
  3 ironbound convokers
  5 necromancers
  10 harpies
  4 orc knights (Vaults:4)
  An ugly thing (Vaults:4)
  5 manticores
  A sphinx skeleton (Depths:1)
  A moth of wrath (Zot:4)
  3 vault sentinels
  A merfolk siren (Shoals:1)
  9 yaktaurs
  4 guardian mummies (Crypt:3)
  A yaktaur skeleton (Vaults:1)
  2 wind drakes (Shoals:1)
  9 merfolk
  14 slime creatures
  A great orb of eyes zombie (Crypt:3)
  A frost giant simulacrum (Vaults:4)
  4 snapping turtles
  A culicivora (Vaults:3)
  2 water elementals (Shoals:4)
  An ushabti (Crypt:3)
  A glowing shapeshifter skeleton (Vaults:1)
  A human skeleton (Depths:1)
  An ogre (Vaults:5)
  A necrophage (Crypt:2)
  A snapping turtle simulacrum (Shoals:1)
  4 mummies (Crypt:3)
  An orc (Vaults:5)
175 creatures vanquished.

Vanquished Creatures (others)
  A merfolk impaler (Shoals:4)
  An ice dragon (Depths:3)
  A naga warrior (Snake:3)
  A vampire mage (Depths:1)
  A swamp dragon (Lair:6)
  2 water elementals (Depths:2)
  A quokka (D:7)
  247 fire vortices
  541 foxfires
  298 fulminant prisms
  29 tentacles
1123 creatures vanquished.

Grand Total: 3420 creatures vanquished

Table legend: (Time is in decaauts)
 A = Elapsed time spent in this place.
 B = Non-inter-level travel time spent in this place.
 C = Inter-level travel time spent in this place.
 D = Time resting spent in this place.
 E = Time spent auto-exploring this place.
 F = Levels seen in this place.
 G = Mean time per level.
                   A        B        C        D        E       F      G
               +--------+--------+--------+--------+--------+-----+--------+
         Total |  53303 |  48995 |   4308 |   4200 |  32535 |  52 | 1025.1 |
       Dungeon |  16262 |  14727 |   1535 |   1707 |  10642 |  15 | 1084.1 |
        Temple |    157 |    141 |     16 |      0 |    121 |   1 |  157.0 |
          Lair |   5127 |   4590 |    537 |     71 |   3202 |   6 |  854.5 |
        Shoals |   4464 |   4282 |    182 |    264 |   2731 |   4 | 1116.0 |
     Snake Pit |   3689 |   3418 |    271 |    385 |   1663 |   4 |  922.2 |
  Orcish Mines |   1230 |   1161 |     69 |     65 |    716 |   2 |  615.0 |
        Vaults |   8204 |   7323 |    881 |    530 |   4373 |   5 | 1640.8 |
         Crypt |   3770 |   3616 |    154 |    389 |   2336 |   3 | 1256.7 |
        Depths |   5200 |   4657 |    543 |    430 |   3173 |   4 | 1300.0 |
           Zot |   4309 |   4192 |    117 |    237 |   3247 |   5 |  861.8 |
        Bazaar |    130 |    130 |      0 |      0 |     81 |   1 |  130.0 |
         Sewer |    297 |    297 |      0 |      0 |    250 |   1 |  297.0 |
        Wizlab |    460 |    460 |      0 |    122 |      0 |   1 |  460.0 |
               +--------+--------+--------+--------+--------+-----+--------+

Top non-repeatable levels by time:
Vaults:1: 1866 daAuts
Vaults:5: 1782 daAuts
Vaults:4: 1752 daAuts
Depths:2: 1710 daAuts
Depths:3: 1656 daAuts
Vaults:2: 1599 daAuts
 Crypt:3: 1539 daAuts
     D:1: 1525 daAuts
 Crypt:1: 1505 daAuts
     D:6: 1435 daAuts
     D:5: 1309 daAuts
Shoals:1: 1282 daAuts
  Lair:6: 1255 daAuts
     D:9: 1252 daAuts
    D:10: 1238 daAuts

Table legend:
 A = Non-vault XP
 B = Vault XP
 C = Vault XP percentage of total XP
 D = Non-vault monster count
 E = Vault monster count
 F = Vault count percentage of total count
                 A         B        C        D         E       F
            +---------+---------+-------+---------+---------+-------
      Total |  743892 |  562482 |  43.1 |    1427 |     869 |  37.8
            +---------+---------+-------+---------+---------+-------
        D:1 |      43 |       4 |   8.5 |      22 |       2 |   8.3
        D:2 |      17 |       0 |   0.0 |       4 |       0 |   0.0
        D:3 |      45 |       0 |   0.0 |      11 |       0 |   0.0
        D:4 |     221 |      10 |   4.3 |      16 |       5 |  23.8
        D:5 |     572 |       9 |   1.5 |      22 |       5 |  18.5
        D:6 |     558 |       0 |   0.0 |      20 |       0 |   0.0
        D:7 |    1126 |     607 |  35.0 |      34 |       1 |   2.9
        D:8 |    1215 |       0 |   0.0 |      15 |       0 |   0.0
        D:9 |    2256 |    1292 |  36.4 |      28 |      21 |  42.9
       D:10 |    3181 |    4055 |  56.0 |      39 |      12 |  23.5
       D:11 |    5551 |     413 |   6.9 |      12 |      32 |  72.7
       D:12 |    4135 |       0 |   0.0 |      12 |       0 |   0.0
       D:13 |    6166 |    8519 |  58.0 |      20 |      25 |  55.6
       D:14 |    9949 |    6892 |  40.9 |      27 |      17 |  38.6
       D:15 |   17318 |    1787 |   9.4 |      39 |       2 |   4.9
     Lair:1 |    6958 |    3832 |  35.5 |      29 |      10 |  25.6
     Lair:2 |    9376 |    1643 |  14.9 |      32 |       6 |  15.8
     Lair:3 |    2234 |    2337 |  51.1 |      14 |       6 |  30.0
     Lair:4 |    4765 |    5636 |  54.2 |      18 |      26 |  59.1
     Lair:5 |   10741 |    1626 |  13.1 |      29 |       3 |   9.4
     Lair:6 |    4784 |   14843 |  75.6 |      13 |      74 |  85.1
   Shoals:1 |   21362 |    6313 |  22.8 |      41 |      24 |  36.9
   Shoals:2 |    8798 |    1534 |  14.8 |      17 |       1 |   5.6
   Shoals:3 |   23473 |     928 |   3.8 |      45 |       2 |   4.3
   Shoals:4 |   14936 |   15632 |  51.1 |      35 |      25 |  41.7
    Snake:1 |    5970 |       0 |   0.0 |      13 |       0 |   0.0
    Snake:2 |   11075 |   18909 |  63.1 |      24 |      22 |  47.8
    Snake:3 |   23021 |    3046 |  11.7 |      41 |       1 |   2.4
    Snake:4 |   22295 |   33580 |  60.1 |      47 |      41 |  46.6
      Orc:1 |    4998 |       0 |   0.0 |      40 |       0 |   0.0
      Orc:2 |    5361 |    4758 |  47.0 |      59 |      44 |  42.7
   Vaults:1 |   23824 |    7885 |  24.9 |      34 |      15 |  30.6
   Vaults:2 |   18852 |   30392 |  61.7 |      30 |      40 |  57.1
   Vaults:3 |   38213 |   32165 |  45.7 |      58 |      44 |  43.1
   Vaults:4 |   22225 |   49988 |  69.2 |      35 |      60 |  63.2
   Vaults:5 |   22850 |  133742 |  85.4 |      33 |     112 |  77.2
    Crypt:1 |   38749 |    3262 |   7.8 |      57 |       1 |   1.7
    Crypt:2 |   21519 |    6404 |  22.9 |      33 |       3 |   8.3
    Crypt:3 |   41123 |   25381 |  38.2 |      53 |      67 |  55.8
   Depths:1 |   17656 |    9928 |  36.0 |      24 |       9 |  27.3
   Depths:2 |   38575 |   16000 |  29.3 |      55 |      22 |  28.6
   Depths:3 |   30315 |   36687 |  54.8 |      34 |      25 |  42.4
   Depths:4 |   36853 |   20373 |  35.6 |      36 |      30 |  45.5
      Zot:1 |   47180 |   14169 |  23.1 |      38 |       3 |   7.3
      Zot:2 |   36024 |       0 |   0.0 |      29 |       0 |   0.0
      Zot:3 |   25374 |       0 |   0.0 |      18 |       0 |   0.0
      Zot:4 |   38334 |   10038 |  20.8 |      29 |      10 |  25.6
      Zot:5 |   13726 |   26728 |  66.1 |      13 |      14 |  51.9
      Sewer |       0 |     166 | 100.0 |       0 |       6 | 100.0
     WizLab |       0 |     969 | 100.0 |       0 |       1 | 100.0
            +---------+---------+-------+---------+---------+-------
